 Dungeon Crawl Stone Soup version 0.28.0-53-g5a82cb258f (webtiles) character file.

Game seed: 13468549621619177606

227 Gabide the Ducker (level 6, -1/49 HPs)
             Began as a Human Monk on May 29, 2022.
             Slain by an orc
             ... wielding a +0 flail
              (7 damage)
             ... while paralysed by Ijyb
             ... on level 4 of the Dungeon.
             The game lasted 00:04:05 (4125 turns).

Gabide the Ducker (Human Monk)                      Turns: 4125, Time: 00:04:06

Health: -1/49      AC:  2    Str: 11    XL:     6   Next: 22%
Magic:  6/6        EV:  2    Int: 11    God:
Gold:   120        SH:  0    Dex: 17    Spells: 5/5 levels left

rFire   . . .      SeeInvis .   a - +0 spear (venom)
rCold   . . .      Faith    .   (no shield)
rNeg    . . .      Spirit   .   b - +0 robe
rPois   .          Reflect  .   (no helmet)
rElec   .          Harm     .   (no cloak)
rCorr   +          Rampage  .   (no gloves)
Will    .....                   (no boots)
Stlth   ++........              (no amulet)
HPRegen 0.16/turn               j - ring of resist corrosion
MPRegen 0.10/turn               (no ring)

@: paralysed, brilliant, attractive, flying
A: no striking features
a: no special abilities


You were on level 4 of the Dungeon.
You visited 1 branch of the dungeon, and saw 4 of its levels.

You collected 120 gold pieces.

Inventory:

Hand Weapons
 a - a +0 spear of venom (weapon)
Missiles
 d - 6 poisoned darts (quivered)
Armour
 b - a +0 robe (worn)
Jewellery
 j - a ring of resist corrosion (left hand)
Scrolls
 c - a scroll of brand weapon
 f - 3 scrolls of fear
 g - a scroll of immolation
 h - 5 scrolls of teleportation
Potions
 e - a potion of attraction


   Skills:
 + Level 4.4 Fighting
 + Level 4.4 Polearms
 + Level 4.4 Dodging
 - Level 2.0 Stealth


You had 5 spell levels left.
You didn't know any spells.
Your spell library contained the following spells:

 Spells                   Type           Power      Damage    Failure   Level
 Ensorcelled Hibernation  Hex/Ice        0%         N/A       47%         2
 Spider Form              Tmut/Pois      0%         N/A       71%         3
 Anguish                  Hex/Necr       0%         N/A       98%         4


Dungeon Overview and Level Annotations

Branches:
Dungeon (4/15)
 Temple: D:4-7

Altars:
Fedhas

Shops:
D:3 *

Annotations:
D:4 Ijyb


Message History

You are too confused!
You are too confused!
You are too confused!
You are too confused!
You are too confused!
You are too confused!
You are too confused!
You are too confused!
Unknown command.
It was a potion of attraction.
You feel attractive to monsters.
Ijyb zaps a wand.
You resist with some effort. The orc misses you.
It was a potion of flight.
You feel very buoyant.
You fly up into the air.
Ijyb hits you with a +0 club. The orc closely misses you.
The orc wizard is attracted toward you.
It was a potion of brilliance.
You feel clever all of a sudden.
Ijyb zaps a wand.
You suddenly lose the ability to move!
The orc wizard hits you but does no damage.
The orc hits you with a +0 hand axe. The orc hits you with a +0 flail.
Ijyb barely misses you.
The orc wizard hits you with a +0 dagger.
The orc hits you with a +0 hand axe. The orc hits you with a +0 flail.
Ijyb barely misses you. The orc wizard barely misses you.
The orc hits you but does no damage. The orc hits you with a +0 flail.
Ijyb hits you with a +0 club.
The orc wizard points at you and mumbles some strange words.
You resist with some effort. The orc hits you with a +0 hand axe.
* * * LOW HITPOINT WARNING * * *
The orc hits you with a +0 flail.
* * * LOW HITPOINT WARNING * * *
You feel less confused. Ijyb hits you but does no damage.
The orc wizard hits you with a +0 dagger.
* * * LOW HITPOINT WARNING * * *
The orc hits you with a +0 hand axe.
* * * LOW HITPOINT WARNING * * *
The orc hits you with a +0 flail!
You die...

### .# #..##### ##..#
###......##.....
.................
................ .
.................
....##oo..........#..#
......o@g.............#
......##...............
......................#
#.....................#
#.....................#
#.#####.......##.............
#.............####...........
...#...>.........#####..........
....................#...........


You could see Ijyb, an orc wizard and 2 orcs.

Vanquished Creatures
  2 iguanas
  Jessica (D:2)
  5 gnolls
  A shadow imp (D:3)
  3 worms (D:2)
  3 dart slugs (D:1)
  7 orcs
  5 ball pythons
  3 endoplasms
  7 giant cockroaches
  4 goblins
  6 hobgoblins
  A quokka (D:3)
  5 bats
  3 frilled lizards
  10 kobolds
  7 rats
73 creatures vanquished.

Notes
Turn   | Place    | Note
-------+----------+-------------------------------------------
     0 | D:1      | Gabide the Human Monk began the quest for the Orb.
     0 | D:1      | Reached XP level 1. HP: 18/18 MP: 1/1
   121 | D:1      | Reached XP level 2. HP: 5/24 MP: 2/2
   580 | D:1      | Reached XP level 3. HP: 26/29 MP: 3/3
  1037 | D:1      | Found a faded altar of an unknown god.
  1613 | D:2      | Noticed Jessica
  1630 | D:2      | Reached XP level 4. HP: 33/36 MP: 4/4
  1641 | D:2      | Killed Jessica
  1787 | D:2      | Identified the +5 rapier of Qaicuosch {flame, rElec rC+
                  | Int-2}
  2215 | D:2      | Reached XP level 5. HP: 42/42 MP: 5/5
  2609 | D:3      | Found a blossoming altar of Fedhas.
  2649 | D:3      | Found Vextetu's Assorted Antiques.
  3499 | D:4      | Reached XP level 6. HP: 16/49 MP: 6/6
  4109 | D:4      | Noticed Ijyb
  4121 | D:4      | Paralysed by Ijyb for 6 turns
  4125 | D:4      | Slain by an orc

Illustrated notes

Levels and vault maps discovered:
D:1:      dpeg_arrival_prison, layout_basic, hellmonk_ecumenical_altar_blasted,
          st_stairs_1, minmay_worlds_worst_comb
D:2:      layout_basic, minmay_cut_off, uniq_jessica
D:3:      kennysheep_big_flooded_room, layout_basic, overflow_temple_1_default,
          serial_shops, nicolae_shop_competitors_out_of_business,
          grunt_ministairs_6, chequers_arboretum
D:4:      layout_cave_pools, uniq_ijyb

Skill      XL: |  1  2  3  4  5 |
---------------+----------------+-----
Fighting       | 4 |  4.4
Polearms       | 4 |  4.4
Dodging        | 4 |  4.4
Stealth        | |  2.0

Action                   |  1- 3 |  4- 6 || total
-------------------------+-------+-------++-------
Melee: Spear             |   115 |   134 ||   249
       Punch             |       |     2 ||     2
Throw: Dart              |     6 |    10 ||    16
  Use: Scroll            |     1 |     3 ||     4
       Potion            |       |     3 ||     3
 Stab: Sleeping          |     9 |     8 ||    17
Armor: Robe              |     7 |    10 ||    17
Dodge: Dodged            |    62 |    63 ||   125
